Thunderbirds vs Senators
Created - November 23, 2024 at 09:25
Goals
|
| Thunderbirds |
3 |
2 |
1 |
6 |
| Senators |
1 |
0 |
0 |
1 |
|
Shots
|
| Thunderbirds |
13 |
6 |
10 |
29 |
| Senators |
14 |
7 |
4 |
25 |
|
1st period
1. Thunderbirds , Michael Rasmussen 5 (Anthony Richard 11, Sami Niku 6) at 2:29
2. Thunderbirds , Joachim Blichfeld 13 (Rourke Chartier 12) at 13:23 (PP)
3. Senators , Carl Grundstrom 5 (Marc Michaelis 6) at 13:53
4. Thunderbirds , Emil Bemstrom 9 (Jeremy Lauzon 13) at 18:22
Penalties :
Dylan Sikura (Spr) for Cross-checking (Minor) at 4:20, C.J Suess (Bel) for High sticking (Minor) at 13:21, Dylan Sikura (Spr) for Hooking (Minor) at 15:11, Michael Rasmussen (Spr) for Tripping (Minor) at 18:59
2nd period
5. Thunderbirds , Joachim Blichfeld 14 (Rourke Chartier 13) at 7:39 (PP)
6. Thunderbirds , Trent Frederic 2 (Anthony Richard 12, Jeremy Lauzon 14) at 10:58
Penalties :
Arttu Ruotsalainen (Bel) for Tripping (Minor) at 3:56, Jesse Graham (Bel) for Slashing (Minor) at 7:36, Anthony Richard (Spr) for Holding (Minor) at 7:53, Dylan Blujus (Spr) for Hooking (Minor) at 14:24, Sami Niku (Spr) for Slashing (Minor) at 19:13
3rd period
7. Thunderbirds , Trey Fix-Wolansky 5 (Artturi Lehkonen 5, Sami Niku 7) at 6:41
Penalties :
Mason Geertsen (Bel) for High sticking (Minor) at 3:15, C.J Suess (Bel) for Interference (Minor) at 7:05, Frederic Allard (Spr) for High sticking (Minor) at 16:14
Goalie Stats
Emil Larmi (Spr), 24 saves from 25 shots - (0.960), W, 8-5-0, 60:00 minutes
Arvid Soderblom (Bel), 13 saves from 15 shots - (0.867), 32:21 minutes
David Rittich (Bel), 10 saves from 14 shots - (0.714), L, 5-4-2, 27:39 minutes
Players Stats for Thunderbirds
Player Name G A P +/- PIM S H SB GA TA FO MP PP MP PK MP
------------------------------------------------------------------------------------
Anthony Richard 0 2 2 2 2 1 0 1 1 0 8/11 18:22 2:41 4:03
Artturi Lehkonen 0 1 1 1 0 3 1 0 1 0 0/0 10:16 0:04 1:11
Calen Addison 0 0 0 1 0 0 1 2 0 0 0/0 14:06 2:12 1:09
Dylan Blujus 0 0 0 1 2 0 1 1 0 0 0/0 17:09 0:16 4:32
Dylan Sikura 0 0 0 1 4 2 3 0 0 0 1/2 14:20 0:04 3:07
Emil Bemstrom 1 0 1 0 0 4 2 0 1 0 0/0 9:26 2:41 0:00
Frederic Allard 0 0 0 1 2 0 0 0 0 0 0/0 16:36 0:00 3:57
Henri Jokiharju 0 0 0 0 0 0 2 0 0 1 0/0 26:39 2:28 8:48
Jeremy Lauzon 0 2 2 1 0 1 2 2 1 0 0/0 30:08 3:34 8:56
Joachim Blichfeld 2 0 2 0 0 4 1 0 0 0 1/1 15:32 3:17 0:00
Michael Rasmussen 1 0 1 1 2 2 2 0 0 0 0/0 13:49 3:17 0:00
Paul Cotter 0 0 0 0 0 0 1 0 0 0 1/1 9:26 2:41 0:00
Pierre Engvall 0 0 0 1 0 3 1 0 0 0 1/1 20:46 0:00 8:32
Rasmus Kupari 0 0 0 1 0 2 1 0 0 0 1/4 10:41 0:00 0:04
Rourke Chartier 0 2 2 0 0 0 1 0 0 0 9/16 15:32 3:17 0:00
Sami Niku 0 2 2 2 2 2 1 0 0 0 0/0 15:29 3:34 0:24
Trent Frederic 1 0 1 1 0 1 3 0 0 1 6/16 16:53 0:04 8:26
Trey Fix-Wolansky 1 0 1 1 0 4 1 0 0 0 1/2 10:50 0:00 2:23
Players Stats for Senators
Player Name G A P +/- PIM S H SB GA TA FO MP PP MP PK MP
------------------------------------------------------------------------------------
Akil Thomas 0 0 0 -1 0 0 1 0 0 0 2/2 11:20 0:00 1:24
Alec Regula 0 0 0 0 0 0 0 0 0 0 0/0 4:28 0:00 0:00
Artem Zub 0 0 0 -3 0 1 2 2 1 1 0/0 29:26 8:31 3:31
Arttu Ruotsalainen 0 0 0 -1 2 1 1 0 0 0 6/14 17:18 5:42 0:14
Axel Jonsson-Fjallby 0 0 0 0 0 2 2 0 0 0 0/0 7:05 0:00 0:00
Bryce Kindopp 0 0 0 0 0 0 0 0 0 0 0/0 7:37 0:10 0:00
C.J Suess 0 0 0 -1 4 3 2 1 0 0 1/3 21:54 8:01 2:01
Carl Grundstrom 1 0 1 -1 0 4 1 0 0 0 0/0 18:54 5:42 1:57
Gustav Forsling 0 0 0 -1 0 0 1 0 0 0 0/0 10:37 0:00 0:07
Jesse Graham 0 0 0 -3 2 0 1 0 0 1 0/0 25:22 8:31 3:28
Joel Eriksson Ek 0 0 0 -1 0 5 2 1 0 0 15/32 22:44 8:10 3:06
Jonas Siegenthaler 0 0 0 1 0 1 0 0 0 2 0/0 20:14 5:22 2:31
Kiefer Sherwood 0 0 0 -1 0 3 1 1 0 0 0/0 19:28 8:01 0:00
Logan O'Connor 0 0 0 -1 0 2 1 0 1 0 0/0 9:53 0:10 0:00
Marc Michaelis 0 1 1 -1 0 1 3 0 0 0 0/0 19:31 5:42 2:34
Martin Fehervary 0 0 0 -1 0 1 0 0 0 0 0/0 10:38 0:00 0:46
Mason Geertsen 0 0 0 1 2 0 0 0 0 0 0/0 19:23 5:22 1:41
Tyler Angle 0 0 0 0 0 0 0 0 0 0 1/3 7:05 0:00 0:00
Vitaly Abramov 0 0 0 -1 0 1 0 0 0 0 0/0 10:56 0:01 0:48
3 Stars
1 - Joachim Blichfeld (Spr)
2 - Trent Frederic (Spr)
3 - Jeremy Lauzon (Spr)
Power Play
Thunderbirds - 2 on 5 Attempt(s) - 40.00%
Senators - 0 on 7 Attempt(s) - 0.00%
Penalty Kill
Thunderbirds - 7 on 7 Attempt(s) - 100.00%
- Score 0 goal in Penalty Kill
Senators - 3 on 5 Attempt(s) - 60.00%
- Score 0 goal in Penalty Kill
Team Stat
Thunderbirds - Hits : 24 - Faceoff Wins : 29 - Blocked Shots : 6 - Penalty Minutes : 14
Senators - Hits : 18 - Faceoff Wins : 25 - Blocked Shots : 5 - Penalty Minutes : 10
Official
Referees : Dean Morton and Jon McIsaac
Linesman : Brian Mach and Kiel Murchison
Game Notes
Arvid Soderblom enters game at 7:39 of 2nd period
Finance
Level 1 -- Attendance: 1816 (90.80%) -- Ticket Income $127,120
Level 2 -- Attendance: 991 (99.10%) -- Ticket Income $39,640
Total Attendance: 2807 (93.57%)
Total Ticket Income: $166,760
Other Income: $8,338
Total Income: $175,098
Thunderbirds
5 vs 5 Forward
Center Left Wing Right Wing Time % Phy DF OF
1 Rourke Chartier Pierre Engvall Joachim Blichfeld 40 1 2 2
2 Anthony Richard Michael Rasmussen Dylan Sikura 30 1 2 2
3 Trent Frederic Paul Cotter Emil Bemstrom 20 1 2 2
4 Rasmus Kupari Artturi Lehkonen Trey Fix-Wolansky 10 1 2 2
5 vs 5 Defense
Defense Defense Time % Phy DF OF
1 Jeremy Lauzon Henri Jokiharju 40 1 2 2
2 Dylan Blujus Calen Addison 30 1 2 2
3 Frederic Allard Sami Niku 20 1 2 2
4 Jeremy Lauzon Dylan Blujus 10 1 2 2
PowerPlay Forward
Center Left Wing Right Wing Time % Phy DF OF
1 Rourke Chartier Michael Rasmussen Joachim Blichfeld 60 1 2 2
2 Anthony Richard Paul Cotter Emil Bemstrom 40 1 2 2
PowerPlay Defense
Defense Defense Time % Phy DF OF
1 Sami Niku Jeremy Lauzon 60 1 2 2
2 Calen Addison Henri Jokiharju 40 1 2 2
Penalty Kill 4 Players Forward
Center Wing Time % Phy DF OF
1 Trent Frederic Pierre Engvall 60 1 2 2
2 Anthony Richard Dylan Sikura 40 1 2 2
Penalty Kill 4 Players Defense
Defense Defense Time % Phy DF OF
1 Henri Jokiharju Jeremy Lauzon 60 1 2 2
2 Dylan Blujus Frederic Allard 40 1 2 2
Penalty Kill - 3 Players Forward
Forward Time % Phy DF OF
1 Trent Frederic 60 1 2 2
2 Anthony Richard 40 1 2 2
Penalty Kill - 3 Players Defense
Defense Defense Time % Phy DF OF
1 Dylan Blujus Henri Jokiharju 60 1 2 2
2 Jeremy Lauzon Frederic Allard 40 1 2 2
4 vs 4 Forward
Center Wing Time % Phy DF OF
1 Rourke Chartier Michael Rasmussen 60 1 2 2
2 Anthony Richard Artturi Lehkonen 40 1 2 2
4 vs 4 Defense
Defense Defense Time % Phy DF OF
1 Henri Jokiharju Dylan Blujus 60 1 2 2
2 Calen Addison Jeremy Lauzon 40 1 2 2
Last Minutes Offensive
Center Left Wing Right Wing Defense Defense
Rourke Chartier Michael Rasmussen Joachim Blichfeld Jeremy Lauzon Sami Niku
Last Minutes Defensive
Center Left Wing Right Wing Defense Defense
Trent Frederic Pierre Engvall Dylan Sikura Henri Jokiharju Frederic Allard
Goaltenders
Starting : Emil Larmi
Backup : Magnus Hellberg
Extra Forwards
Normal : Rasmus Kupari, Dylan Sikura, Trey Fix-Wolansky - PP : Trent Frederic, Artturi Lehkonen - PK : Trey Fix-Wolansky
Extra Defensemen
Normal : Frederic Allard, Sami Niku, Jeremy Lauzon - PP : Sami Niku - PK : Frederic Allard, Dylan Blujus
Penalty Shots
Rourke Chartier, Anthony Richard, Joachim Blichfeld, Trey Fix-Wolansky, Rasmus Kupari
Custom OT Lines Forwards
Rourke Chartier, Pierre Engvall, Dylan Sikura, Joachim Blichfeld, Anthony Richard, Trent Frederic, Artturi Lehkonen, Michael Rasmussen, Emil Bemstrom, Paul Cotter
Custom OT Lines Defensemen
Jeremy Lauzon, Henri Jokiharju, Dylan Blujus, Frederic Allard, Calen Addison
Scratches
Nathan Smith (Healthy), Matt Roy (Healthy), Alex Vlasic (Healthy), Rafael Harvey-Pinard (Healthy), Nicholas Robertson (Healthy)
Arturs Silovs (Healthy)
Senators
5 vs 5 Forward
Center Left Wing Right Wing Time % Phy DF OF
1 Joel Eriksson Ek C.J Suess Kiefer Sherwood 40 0 2 3
2 Arttu Ruotsalainen Marc Michaelis Carl Grundstrom 30 1 2 2
3 Akil Thomas Vitaly Abramov Logan O'Connor 20 1 2 2
4 Tyler Angle Axel Jonsson-Fjallby Bryce Kindopp 10 1 2 2
5 vs 5 Defense
Defense Defense Time % Phy DF OF
1 Artem Zub Jesse Graham 40 0 2 3
2 Jonas Siegenthaler Mason Geertsen 30 1 2 2
3 Martin Fehervary Gustav Forsling 20 1 2 2
4 Alec Regula Artem Zub 10 1 2 2
PowerPlay Forward
Center Left Wing Right Wing Time % Phy DF OF
1 Joel Eriksson Ek C.J Suess Kiefer Sherwood 60 0 1 4
2 Arttu Ruotsalainen Marc Michaelis Carl Grundstrom 40 0 1 4
PowerPlay Defense
Defense Defense Time % Phy DF OF
1 Artem Zub Jesse Graham 60 0 1 4
2 Jonas Siegenthaler Mason Geertsen 40 0 1 4
Penalty Kill 4 Players Forward
Center Wing Time % Phy DF OF
1 Joel Eriksson Ek C.J Suess 60 0 4 1
2 Arttu Ruotsalainen Marc Michaelis 40 0 4 1
Penalty Kill 4 Players Defense
Defense Defense Time % Phy DF OF
1 Artem Zub Jesse Graham 60 0 4 1
2 Jonas Siegenthaler Mason Geertsen 40 0 4 1
Penalty Kill - 3 Players Forward
Forward Time % Phy DF OF
1 Joel Eriksson Ek 60 0 4 1
2 Arttu Ruotsalainen 40 0 4 1
Penalty Kill - 3 Players Defense
Defense Defense Time % Phy DF OF
1 Artem Zub Jesse Graham 60 0 4 1
2 Jonas Siegenthaler Mason Geertsen 40 0 4 1
4 vs 4 Forward
Center Wing Time % Phy DF OF
1 Joel Eriksson Ek C.J Suess 60 0 2 3
2 Arttu Ruotsalainen Marc Michaelis 40 1 2 2
4 vs 4 Defense
Defense Defense Time % Phy DF OF
1 Artem Zub Jesse Graham 60 0 2 3
2 Jonas Siegenthaler Mason Geertsen 40 1 2 2
Last Minutes Offensive
Center Left Wing Right Wing Defense Defense
Joel Eriksson Ek C.J Suess Kiefer Sherwood Artem Zub Jesse Graham
Last Minutes Defensive
Center Left Wing Right Wing Defense Defense
Joel Eriksson Ek C.J Suess Kiefer Sherwood Artem Zub Jesse Graham
Goaltenders
Starting : David Rittich
Backup : Arvid Soderblom
Extra Forwards
Normal : Carl Grundstrom, Logan O'Connor, Vitaly Abramov - PP : Carl Grundstrom, Logan O'Connor - PK : Carl Grundstrom
Extra Defensemen
Normal : Martin Fehervary, Gustav Forsling, Alec Regula - PP : Martin Fehervary - PK : Martin Fehervary, Gustav Forsling
Penalty Shots
Joel Eriksson Ek, C.J Suess, Marc Michaelis, Kiefer Sherwood, Carl Grundstrom
Custom OT Lines Forwards
Joel Eriksson Ek, C.J Suess, Marc Michaelis, Kiefer Sherwood, Carl Grundstrom, Logan O'Connor, Vitaly Abramov, Axel Jonsson-Fjallby, Arttu Ruotsalainen, Bryce Kindopp
Custom OT Lines Defensemen
Artem Zub, Jesse Graham, Jonas Siegenthaler, Mason Geertsen, Martin Fehervary
Scratches
Anton Karlsson (Healthy), Ivan Morozov (Healthy), Cliff Pu (Healthy), Jett Woo (Healthy), Adam Mascherin (Healthy)
Olivier Rodrigue (Healthy)
% Time on Ice - Thunderbirds
Lines # - Real PCT - Wanted PCT - Time Play
Normal Forward
1 - 36% - 40% - 14:30
2 - 26% - 30% - 10:37
3 - 17% - 20% - 6:38
4 - 21% - 10% - 8:20
Normal Defense
1 - 41% - 40% - 16:36
2 - 31% - 30% - 12:23
3 - 23% - 20% - 9:19
4 - 4% - 10% - 1:47
PP Forward
1 - 56% - 60% - 3:21
2 - 44% - 40% - 2:41
PP Defense
1 - 64% - 60% - 3:50
2 - 36% - 40% - 2:12
PK Forward
1 - 67% - 60% - 9:18
2 - 33% - 40% - 4:35
PK Defense
1 - 53% - 60% - 7:19
2 - 47% - 40% - 6:34
PK3 Forward
1 - 0% - 60%
2 - 0% - 40%
PK3 Defense
1 - 0% - 60%
2 - 0% - 40%
44 Forward
1 - 0% - 60%
2 - 0% - 40%
44 Defense
1 - 0% - 60%
2 - 0% - 40%
Last Minute Offensive - 0:00
Last Minute Defensive - 0:00
Total
Forward - 60:00
Defense - 60:00
|
% Time on Ice - Senators
Lines # - Real PCT - Wanted PCT - Time Play
Normal Forward
1 - 31% - 40% - 12:24
2 - 28% - 30% - 11:15
3 - 23% - 20% - 9:21
4 - 18% - 10% - 7:05
Normal Defense
1 - 33% - 40% - 13:24
2 - 31% - 30% - 12:21
3 - 25% - 20% - 9:52
4 - 11% - 10% - 4:28
PP Forward
1 - 59% - 60% - 8:11
2 - 41% - 40% - 5:42
PP Defense
1 - 61% - 60% - 8:31
2 - 39% - 40% - 5:22
PK Forward
1 - 92% - 60% - 5:33
2 - 8% - 40% - 0:29
PK Defense
1 - 58% - 60% - 3:31
2 - 42% - 40% - 2:31
PK3 Forward
1 - 0% - 60%
2 - 0% - 40%
PK3 Defense
1 - 0% - 60%
2 - 0% - 40%
44 Forward
1 - 0% - 60%
2 - 0% - 40%
44 Defense
1 - 0% - 60%
2 - 0% - 40%
Last Minute Offensive - 0:00
Last Minute Defensive - 0:00
Total
Forward - 60:00
Defense - 60:00
|
Play-by-Play
1st period
0:01 of 1st period - C.J Suess wins face-off versus Rourke Chartier in neutral zone.
0:08 of 1st period - Snap shot by C.J Suess.
0:08 of 1st period - Stopped by Emil Larmi with a rebound.
0:10 of 1st period - Slapshot by Artem Zub.
0:10 of 1st period - Stopped by Emil Larmi with a rebound.
0:12 of 1st period - Slapshot by Artem Zub.
0:12 of 1st period - Shot Misses the Net.
0:14 of 1st period - Snap shot by C.J Suess.
0:14 of 1st period - Shot Misses the Net.
0:16 of 1st period - Snap shot by Joel Eriksson Ek.
0:16 of 1st period - Shot Misses the Net.
0:26 of 1st period - Anthony Richard is hit by Marc Michaelis and loses puck.
1:53 of 1st period - Snap shot by Vitaly Abramov.
1:53 of 1st period - Shot Misses the Net.
2:07 of 1st period - Wrist shot by Rourke Chartier.
2:07 of 1st period - Deflect By Joachim Blichfeld.
2:07 of 1st period - Stopped by David Rittich with a rebound.
2:09 of 1st period - Slapshot by Dylan Blujus.
2:09 of 1st period - Shot Misses the Net.
2:11 of 1st period - Snap shot by Pierre Engvall.
2:11 of 1st period - Stopped by David Rittich with a rebound.
2:13 of 1st period - Snap shot by Pierre Engvall.
2:13 of 1st period - Stopped by David Rittich without a rebound.
2:14 of 1st period - Joel Eriksson Ek wins face-off versus Anthony Richard in Senators zone.
2:19 of 1st period - Snap shot by C.J Suess.
2:19 of 1st period - Shot Misses the Net.
2:29 of 1st period - Wrist shot by Michael Rasmussen.
2:29 of 1st period - Goal by Michael Rasmussen - Thunderbirds : 1 - Senators : 0.
2:30 of 1st period - Joel Eriksson Ek wins face-off versus Rasmus Kupari in neutral zone.
2:44 of 1st period - Icing by Artturi Lehkonen.
2:45 of 1st period - Arttu Ruotsalainen wins face-off versus Rasmus Kupari in Thunderbirds zone.
3:02 of 1st period - Wrist shot by Trey Fix-Wolansky.
3:02 of 1st period - Stopped by David Rittich with a rebound.
3:20 of 1st period - Joel Eriksson Ek is hit by Rasmus Kupari and loses puck.
3:31 of 1st period - Wrist shot by Artturi Lehkonen.
3:31 of 1st period - Stopped by David Rittich without a rebound.
3:32 of 1st period - Anthony Richard wins face-off versus Tyler Angle in Senators zone.
4:14 of 1st period - Snap shot by Kiefer Sherwood.
4:14 of 1st period - Stopped by Emil Larmi with a rebound.
4:20 of 1st period - Minor Penalty to Dylan Sikura for Cross-checking.
4:21 of 1st period - Joel Eriksson Ek wins face-off versus Trent Frederic in Thunderbirds zone.
5:32 of 1st period - Jeremy Lauzon is hit by Jesse Graham and loses puck.
6:20 of 1st period - Penalty to Dylan Sikura is over, Dylan Sikura is back on ice.
7:22 of 1st period - Henri Jokiharju is hit by Artem Zub and loses puck.
7:33 of 1st period - Kiefer Sherwood is hit by Emil Bemstrom.
7:51 of 1st period - Jeremy Lauzon is hit by Axel Jonsson-Fjallby and loses puck.
8:09 of 1st period - Gustav Forsling is hit by Dylan Blujus and loses puck.
8:20 of 1st period - Slapshot by Emil Bemstrom.
8:20 of 1st period - Stopped by David Rittich with a rebound.
8:22 of 1st period - Snap shot by Sami Niku.
8:22 of 1st period - Stopped by David Rittich without a rebound.
8:23 of 1st period - Trent Frederic wins face-off versus Arttu Ruotsalainen in Senators zone.
8:48 of 1st period - Anthony Richard is hit by C.J Suess.
9:24 of 1st period - Rourke Chartier is hit by Arttu Ruotsalainen and loses puck.
9:33 of 1st period - Snap shot by Carl Grundstrom.
9:33 of 1st period - Stopped by Emil Larmi without a rebound.
9:34 of 1st period - Joel Eriksson Ek wins face-off versus Trent Frederic in Thunderbirds zone.
9:41 of 1st period - Wrist shot by Joel Eriksson Ek.
9:41 of 1st period - Stopped by Emil Larmi with a rebound.
10:06 of 1st period - Wrist shot by Marc Michaelis.
10:06 of 1st period - Deflect By Carl Grundstrom.
10:06 of 1st period - Stopped by Emil Larmi without a rebound.
10:07 of 1st period - Anthony Richard wins face-off versus Arttu Ruotsalainen in Thunderbirds zone.
10:18 of 1st period - Slapshot by Dylan Sikura.
10:18 of 1st period - Shot Blocked by Artem Zub.
10:20 of 1st period - Slapshot by Dylan Sikura.
10:20 of 1st period - Stopped by David Rittich with a rebound.
10:23 of 1st period - Icing by Artem Zub.
10:24 of 1st period - Rourke Chartier wins face-off versus Arttu Ruotsalainen in Senators zone.
10:25 of 1st period - Snap shot by Pierre Engvall.
10:25 of 1st period - Stopped by David Rittich with a rebound.
11:23 of 1st period - Slapshot by Artem Zub.
11:23 of 1st period - Deflect By Logan O'Connor.
11:23 of 1st period - Stopped by Emil Larmi without a rebound.
11:24 of 1st period - Arttu Ruotsalainen wins face-off versus Rourke Chartier in Thunderbirds zone.
12:08 of 1st period - Wrist shot by Logan O'Connor.
12:08 of 1st period - Shot Blocked by Anthony Richard.
12:16 of 1st period - Snap shot by Vitaly Abramov.
12:16 of 1st period - Shot Blocked by Dylan Blujus.
12:51 of 1st period - Off-side.
12:52 of 1st period - Trey Fix-Wolansky wins face-off versus Arttu Ruotsalainen in neutral zone.
12:57 of 1st period - Slapshot by Artturi Lehkonen.
12:57 of 1st period - Stopped by David Rittich without a rebound.
12:58 of 1st period - Rourke Chartier wins face-off versus Joel Eriksson Ek in Senators zone.
13:21 of 1st period - Minor Penalty to C.J Suess for High sticking.
13:22 of 1st period - Rourke Chartier wins face-off versus Joel Eriksson Ek in Senators zone.
13:23 of 1st period - Wrist shot by Joachim Blichfeld.
13:23 of 1st period - Goal by Joachim Blichfeld - Thunderbirds : 2 - Senators : 0.
13:24 of 1st period - Joachim Blichfeld wins face-off versus Joel Eriksson Ek in neutral zone.
13:49 of 1st period - Marc Michaelis is hit by Trent Frederic.
13:53 of 1st period - Snap shot by Carl Grundstrom.
13:53 of 1st period - Goal by Carl Grundstrom - Thunderbirds : 2 - Senators : 1.
13:54 of 1st period - Rourke Chartier wins face-off versus Joel Eriksson Ek in neutral zone.
14:05 of 1st period - Snap shot by C.J Suess.
14:05 of 1st period - Shot Blocked by Jeremy Lauzon.
14:37 of 1st period - Snap shot by Joel Eriksson Ek.
14:37 of 1st period - Stopped by Emil Larmi without a rebound.
14:38 of 1st period - Arttu Ruotsalainen wins face-off versus Anthony Richard in Thunderbirds zone.
14:49 of 1st period - Snap shot by Arttu Ruotsalainen.
14:49 of 1st period - Stopped by Emil Larmi without a rebound.
14:50 of 1st period - Arttu Ruotsalainen wins face-off versus Dylan Sikura in Thunderbirds zone.
15:11 of 1st period - Minor Penalty to Dylan Sikura for Hooking.
15:12 of 1st period - Joel Eriksson Ek wins face-off versus Trent Frederic in Thunderbirds zone.
15:13 of 1st period - Snap shot by C.J Suess.
15:13 of 1st period - Stopped by Emil Larmi with a rebound.
15:54 of 1st period - Snap shot by Carl Grundstrom.
15:54 of 1st period - Stopped by Emil Larmi with a rebound.
17:11 of 1st period - Penalty to Dylan Sikura is over, Dylan Sikura is back on ice.
17:45 of 1st period - Slapshot by Martin Fehervary.
17:45 of 1st period - Stopped by Emil Larmi without a rebound.
17:46 of 1st period - Pierre Engvall wins face-off versus Tyler Angle in Thunderbirds zone.
17:53 of 1st period - Bryce Kindopp is hit by Pierre Engvall and loses puck.
18:17 of 1st period - Artem Zub is hit by Trent Frederic and loses puck.
18:22 of 1st period - Wrist shot by Emil Bemstrom.
18:22 of 1st period - Goal by Emil Bemstrom - Thunderbirds : 3 - Senators : 1.
18:23 of 1st period - Rourke Chartier wins face-off versus Joel Eriksson Ek in neutral zone.
18:48 of 1st period - Icing by Jeremy Lauzon.
18:49 of 1st period - Anthony Richard wins face-off versus Arttu Ruotsalainen in Thunderbirds zone.
18:59 of 1st period - Minor Penalty to Michael Rasmussen for Tripping.
19:00 of 1st period - Trent Frederic wins face-off versus Joel Eriksson Ek in Thunderbirds zone.
19:10 of 1st period - Slapshot by C.J Suess.
19:10 of 1st period - Shot Misses the Net.
19:14 of 1st period - Snap shot by Kiefer Sherwood.
19:14 of 1st period - Stopped by Emil Larmi with a rebound.
Goals for this period are 3 for Thunderbirds vs 1 for Senators.
Shots for this period are 13 for Thunderbirds vs 14 for Senators.
2nd period
0:01 of 2nd period - Trent Frederic wins face-off versus Joel Eriksson Ek in neutral zone.
0:12 of 2nd period - Wrist shot by Trent Frederic.
0:12 of 2nd period - Deflect By Pierre Engvall.
0:12 of 2nd period - Shot Blocked by Kiefer Sherwood.
0:12 of 2nd period - Puck is out of play.
0:13 of 2nd period - Joel Eriksson Ek wins face-off versus Trent Frederic in Senators zone.
0:59 of 2nd period - Penalty to Michael Rasmussen is over, Michael Rasmussen is back on ice.
1:50 of 2nd period - Carl Grundstrom is hit by Michael Rasmussen and loses puck.
2:02 of 2nd period - Icing by Mason Geertsen.
2:03 of 2nd period - Joel Eriksson Ek wins face-off versus Rourke Chartier in Senators zone.
2:03 of 2nd period - Joel Eriksson Ek is hit by Rourke Chartier.
3:22 of 2nd period - Off-side.
3:23 of 2nd period - Anthony Richard wins face-off versus Arttu Ruotsalainen in neutral zone.
3:34 of 2nd period - Wrist shot by Carl Grundstrom.
3:34 of 2nd period - Deflect By Marc Michaelis.
3:34 of 2nd period - Stopped by Emil Larmi without a rebound.
3:35 of 2nd period - Arttu Ruotsalainen wins face-off versus Trent Frederic in Thunderbirds zone.
3:40 of 2nd period - Snap shot by Marc Michaelis.
3:40 of 2nd period - Shot Misses the Net.
3:56 of 2nd period - Minor Penalty to Arttu Ruotsalainen for Tripping.
3:57 of 2nd period - Paul Cotter wins face-off versus Joel Eriksson Ek in Senators zone.
5:34 of 2nd period - Sami Niku is hit by C.J Suess and loses puck.
5:56 of 2nd period - Penalty to Arttu Ruotsalainen is over, Arttu Ruotsalainen is back on ice.
5:58 of 2nd period - Mason Geertsen is hit by Henri Jokiharju and loses puck.
6:34 of 2nd period - Icing by Carl Grundstrom.
6:35 of 2nd period - Rasmus Kupari wins face-off versus Arttu Ruotsalainen in Senators zone.
7:36 of 2nd period - Minor Penalty to Jesse Graham for Slashing.
7:37 of 2nd period - Rourke Chartier wins face-off versus Joel Eriksson Ek in Senators zone.
7:37 of 2nd period - Wrist shot by Joachim Blichfeld.
7:37 of 2nd period - Shot Blocked by Joel Eriksson Ek.
7:39 of 2nd period - Slapshot by Joachim Blichfeld.
7:39 of 2nd period - Goal by Joachim Blichfeld - Thunderbirds : 4 - Senators : 1.
7:39 of 2nd period - Arvid Soderblom enters game.
7:40 of 2nd period - Anthony Richard wins face-off versus C.J Suess in neutral zone.
7:51 of 2nd period - Snap shot by Artem Zub.
7:51 of 2nd period - Shot Misses the Net.
7:53 of 2nd period - Minor Penalty to Anthony Richard for Holding.
7:54 of 2nd period - Trent Frederic wins face-off versus Joel Eriksson Ek in Thunderbirds zone.
8:30 of 2nd period - Snap shot by C.J Suess.
8:30 of 2nd period - Stopped by Emil Larmi without a rebound.
8:31 of 2nd period - Dylan Sikura wins face-off versus Arttu Ruotsalainen in Thunderbirds zone.
9:43 of 2nd period - C.J Suess is hit by Trent Frederic and loses puck.
9:53 of 2nd period - Penalty to Anthony Richard is over, Anthony Richard is back on ice.
9:56 of 2nd period - Pierre Engvall is hit by Akil Thomas and loses puck.
10:42 of 2nd period - Backhand shot by Vitaly Abramov.
10:42 of 2nd period - Deflect By Logan O'Connor.
10:42 of 2nd period - Stopped by Emil Larmi with a rebound.
10:56 of 2nd period - Snap shot by Anthony Richard.
10:56 of 2nd period - Stopped by Arvid Soderblom with a rebound.
10:58 of 2nd period - Snap shot by Trent Frederic.
10:58 of 2nd period - Goal by Trent Frederic - Thunderbirds : 5 - Senators : 1.
10:59 of 2nd period - Joel Eriksson Ek wins face-off versus Rasmus Kupari in neutral zone.
11:12 of 2nd period - Wrist shot by C.J Suess.
11:12 of 2nd period - Shot Misses the Net.
11:14 of 2nd period - Slapshot by Jesse Graham.
11:14 of 2nd period - Shot Blocked by Calen Addison.
11:47 of 2nd period - Snap shot by Michael Rasmussen.
11:47 of 2nd period - Stopped by Arvid Soderblom without a rebound.
11:48 of 2nd period - Tyler Angle wins face-off versus Trey Fix-Wolansky in Senators zone.
12:12 of 2nd period - Off-side.
12:13 of 2nd period - Joel Eriksson Ek wins face-off versus Anthony Richard in neutral zone.
12:18 of 2nd period - Snap shot by Joel Eriksson Ek.
12:18 of 2nd period - Stopped by Emil Larmi without a rebound.
12:19 of 2nd period - Rourke Chartier wins face-off versus Joel Eriksson Ek in Thunderbirds zone.
13:04 of 2nd period - Arttu Ruotsalainen is hit by Henri Jokiharju and loses puck.
13:52 of 2nd period - Wrist shot by Emil Bemstrom.
13:52 of 2nd period - Stopped by Arvid Soderblom with a rebound.
13:54 of 2nd period - Slapshot by Jeremy Lauzon.
13:54 of 2nd period - Deflect By Emil Bemstrom.
13:54 of 2nd period - Shot Misses the Net.
13:54 of 2nd period - Puck is out of play.
13:55 of 2nd period - Anthony Richard wins face-off versus Joel Eriksson Ek in Senators zone.
14:11 of 2nd period - Off-side.
14:12 of 2nd period - Akil Thomas wins face-off versus Rourke Chartier in neutral zone.
14:15 of 2nd period - Wrist shot by Vitaly Abramov.
14:15 of 2nd period - Stopped by Emil Larmi without a rebound.
14:16 of 2nd period - Akil Thomas wins face-off versus Rourke Chartier in Thunderbirds zone.
14:24 of 2nd period - Minor Penalty to Dylan Blujus for Hooking.
14:25 of 2nd period - Trent Frederic wins face-off versus C.J Suess in Thunderbirds zone.
15:18 of 2nd period - Dylan Sikura is hit by Marc Michaelis.
15:22 of 2nd period - Jonas Siegenthaler is hit by Dylan Sikura.
15:47 of 2nd period - Icing by Marc Michaelis.
15:48 of 2nd period - Arttu Ruotsalainen wins face-off versus Trent Frederic in Senators zone.
16:24 of 2nd period - Penalty to Dylan Blujus is over, Dylan Blujus is back on ice.
17:04 of 2nd period - Wrist shot by Axel Jonsson-Fjallby.
17:04 of 2nd period - Stopped by Emil Larmi with a rebound.
17:50 of 2nd period - Wrist shot by Emil Bemstrom.
17:50 of 2nd period - Shot Misses the Net.
17:52 of 2nd period - Snap shot by Emil Bemstrom.
17:52 of 2nd period - Stopped by Arvid Soderblom with a rebound.
18:02 of 2nd period - Dylan Blujus is hit by Artem Zub and loses puck.
18:09 of 2nd period - Tyler Angle is hit by Artturi Lehkonen and loses puck.
18:48 of 2nd period - Snap shot by Anthony Richard.
18:48 of 2nd period - Shot Misses the Net.
19:13 of 2nd period - Minor Penalty to Sami Niku for Slashing.
19:14 of 2nd period - Joel Eriksson Ek wins face-off versus Trent Frederic in Thunderbirds zone.
19:14 of 2nd period - Slapshot by C.J Suess.
19:14 of 2nd period - Deflect By Kiefer Sherwood.
19:14 of 2nd period - Shot Misses the Net.
19:14 of 2nd period - Puck is out of play.
19:15 of 2nd period - Trent Frederic wins face-off versus Joel Eriksson Ek in Thunderbirds zone.
19:28 of 2nd period - Wrist shot by Joel Eriksson Ek.
19:28 of 2nd period - Stopped by Emil Larmi without a rebound.
19:29 of 2nd period - Joel Eriksson Ek wins face-off versus Trent Frederic in Thunderbirds zone.
19:32 of 2nd period - Snap shot by Joel Eriksson Ek.
19:32 of 2nd period - Shot Misses the Net.
Goals for this period are 2 for Thunderbirds vs 0 for Senators.
Shots for this period are 6 for Thunderbirds vs 7 for Senators.
3rd period
0:01 of 3rd period - Joel Eriksson Ek wins face-off versus Trent Frederic in neutral zone.
1:13 of 3rd period - Penalty to Sami Niku is over, Sami Niku is back on ice.
1:25 of 3rd period - Snap shot by Logan O'Connor.
1:25 of 3rd period - Shot Misses the Net.
2:01 of 3rd period - Jesse Graham is hit by Michael Rasmussen and loses puck.
2:48 of 3rd period - Wrist shot by Trey Fix-Wolansky.
2:48 of 3rd period - Stopped by Arvid Soderblom without a rebound.
2:49 of 3rd period - Anthony Richard wins face-off versus Joel Eriksson Ek in Senators zone.
2:52 of 3rd period - Snap shot by Dylan Sikura.
2:52 of 3rd period - Stopped by Arvid Soderblom with a rebound.
3:03 of 3rd period - Jeremy Lauzon is hit by Kiefer Sherwood and loses puck.
3:15 of 3rd period - Minor Penalty to Mason Geertsen for High sticking.
3:16 of 3rd period - Rourke Chartier wins face-off versus Joel Eriksson Ek in Senators zone.
3:30 of 3rd period - Wrist shot by Rourke Chartier.
3:30 of 3rd period - Shot Blocked by C.J Suess.
3:32 of 3rd period - Snap shot by Sami Niku.
3:32 of 3rd period - Deflect By Joachim Blichfeld.
3:32 of 3rd period - Shot Blocked by Artem Zub.
3:32 of 3rd period - Puck is out of play.
3:33 of 3rd period - Joel Eriksson Ek wins face-off versus Rourke Chartier in Senators zone.
3:46 of 3rd period - Wrist shot by Joachim Blichfeld.
3:46 of 3rd period - Stopped by Arvid Soderblom with a rebound.
5:15 of 3rd period - Penalty to Mason Geertsen is over, Mason Geertsen is back on ice.
5:30 of 3rd period - Snap shot by Axel Jonsson-Fjallby.
5:30 of 3rd period - Stopped by Emil Larmi with a rebound.
6:00 of 3rd period - Arttu Ruotsalainen is hit by Trey Fix-Wolansky and loses puck.
6:09 of 3rd period - Snap shot by Rasmus Kupari.
6:09 of 3rd period - Deflect By Trey Fix-Wolansky.
6:09 of 3rd period - Stopped by Arvid Soderblom with a rebound.
6:11 of 3rd period - Slapshot by Sami Niku.
6:11 of 3rd period - Stopped by Arvid Soderblom with a rebound.
6:13 of 3rd period - Snap shot by Artturi Lehkonen.
6:13 of 3rd period - Shot Misses the Net.
6:15 of 3rd period - Wrist shot by Artturi Lehkonen.
6:15 of 3rd period - Shot Misses the Net.
6:17 of 3rd period - Wrist shot by Rasmus Kupari.
6:17 of 3rd period - Stopped by Arvid Soderblom with a rebound.
6:31 of 3rd period - Wrist shot by Rasmus Kupari.
6:31 of 3rd period - Stopped by Arvid Soderblom with a rebound.
6:33 of 3rd period - Wrist shot by Artturi Lehkonen.
6:33 of 3rd period - Stopped by Arvid Soderblom with a rebound.
6:35 of 3rd period - Snap shot by Jeremy Lauzon.
6:35 of 3rd period - Stopped by Arvid Soderblom with a rebound.
6:41 of 3rd period - Snap shot by Artturi Lehkonen.
6:41 of 3rd period - Deflect By Trey Fix-Wolansky.
6:41 of 3rd period - Goal by Trey Fix-Wolansky - Thunderbirds : 6 - Senators : 1.
6:42 of 3rd period - Joel Eriksson Ek wins face-off versus Rourke Chartier in neutral zone.
6:53 of 3rd period - Wrist shot by C.J Suess.
6:53 of 3rd period - Shot Blocked by Calen Addison.
7:05 of 3rd period - Minor Penalty to C.J Suess for Interference.
7:06 of 3rd period - Rourke Chartier wins face-off versus Joel Eriksson Ek in Senators zone.
9:05 of 3rd period - Penalty to C.J Suess is over, C.J Suess is back on ice.
10:38 of 3rd period - Rourke Chartier is hit by Joel Eriksson Ek and loses puck.
10:54 of 3rd period - Trey Fix-Wolansky is hit by Axel Jonsson-Fjallby and loses puck.
11:07 of 3rd period - Arttu Ruotsalainen is hit by Dylan Sikura and loses puck.
11:19 of 3rd period - Slapshot by Jonas Siegenthaler.
11:19 of 3rd period - Stopped by Emil Larmi with a rebound.
12:19 of 3rd period - Martin Fehervary is hit by Sami Niku and loses puck.
13:22 of 3rd period - Mason Geertsen is hit by Paul Cotter and loses puck.
13:38 of 3rd period - Rasmus Kupari is hit by Carl Grundstrom.
13:57 of 3rd period - Dylan Blujus is hit by Joel Eriksson Ek and loses puck.
14:12 of 3rd period - Akil Thomas is hit by Joachim Blichfeld and loses puck.
14:46 of 3rd period - Jesse Graham is hit by Emil Bemstrom and loses puck.
15:06 of 3rd period - Calen Addison is hit by Logan O'Connor and loses puck.
15:15 of 3rd period - Martin Fehervary is hit by Calen Addison.
15:26 of 3rd period - Off-side.
15:27 of 3rd period - Anthony Richard wins face-off versus Joel Eriksson Ek in neutral zone.
15:30 of 3rd period - Kiefer Sherwood is hit by Jeremy Lauzon and loses puck.
15:37 of 3rd period - Henri Jokiharju is hit by Gustav Forsling and loses puck.
16:14 of 3rd period - Minor Penalty to Frederic Allard for High sticking.
16:15 of 3rd period - Joel Eriksson Ek wins face-off versus Trent Frederic in Thunderbirds zone.
16:15 of 3rd period - Wrist shot by C.J Suess.
16:15 of 3rd period - Shot Misses the Net.
16:17 of 3rd period - Snap shot by Kiefer Sherwood.
16:17 of 3rd period - Stopped by Emil Larmi with a rebound.
16:25 of 3rd period - Snap shot by Joel Eriksson Ek.
16:25 of 3rd period - Stopped by Emil Larmi with a rebound.
16:27 of 3rd period - Snap shot by C.J Suess.
16:27 of 3rd period - Shot Blocked by Jeremy Lauzon.
16:29 of 3rd period - Snap shot by Kiefer Sherwood.
16:29 of 3rd period - Shot Misses the Net.
17:39 of 3rd period - Trey Fix-Wolansky is hit by Marc Michaelis and loses puck.
18:14 of 3rd period - Penalty to Frederic Allard is over, Frederic Allard is back on ice.
18:23 of 3rd period - Logan O'Connor is hit by Dylan Sikura and loses puck.
18:57 of 3rd period - Logan O'Connor is hit by Jeremy Lauzon and loses puck.
Goals for this period are 1 for Thunderbirds vs 0 for Senators.
Shots for this period are 10 for Thunderbirds vs 4 for Senators.